Machettes vs Icehogs
Created - 27 mars 2013 at 23:36
Goals
|
| Machettes |
1 |
2 |
0 |
1 |
4 |
| Icehogs |
1 |
1 |
1 |
0 |
3 |
|
Shots
|
| Machettes |
14 |
8 |
5 |
1 |
28 |
| Icehogs |
9 |
11 |
3 |
0 |
23 |
|
1st period
1. Machettes , Steven Goertzen 22 (Peter Olvecky, Keith Yandle) at 9:10
2. Icehogs , B.J. Crombeen 42 (Gilbert Brule, Nikolai Kulemin) at 9:51
Penalties :
Gilbert Brule (Roc) for Slashing (Minor) at 17:11, Stefan Ruzicka (CLM) for High sticking (Minor) at 17:11
2nd period
3. Machettes , Cory Emmerton 16 (Steven Goertzen, Peter Olvecky) at 6:02
4. Icehogs , Stanislav Chistov 19 (Paul Ranger) at 8:21
5. Machettes , Stefan Ruzicka 35 (Tom Gilbert, Sergei Kostitsyn) at 9:52
Penalties :
Vladimir Mihalik (Roc) for Hooking (Minor) at 14:30
3rd period
6. Icehogs , Darren Helm 22 (Vladimir Mihalik) at 11:58
Penalties :
Paul Ranger (Roc) for Hooking (Minor) at 6:52, Brett Sterling (Roc) for High sticking (Minor) at 12:56
Overtime #1
7. Machettes , John Mitchell 24 (Keith Yandle, James Wisniewski) at 2:49
Penalties :
No Penalty
Goalie Stats
Mathieu Garon (CLM), 20 saves from 23 shots - (0,870), W, 20-13-5, 62:49 minutes
José Theodore (Roc), 24 saves from 28 shots - (0,857), OTL, 24-14-4, 62:49 minutes
Players Stats for Machettes
Player Name G A P +/- PIM S H SB GA TA FO MP PP MP PK MP
------------------------------------------------------------------------------------
Andrew MacDonald 0 0 0 0 0 1 1 0 0 1 0/0 12:43 0:00 0:00
Angelo Esposito 0 0 0 -2 0 1 0 0 0 0 1/1 7:08 0:00 0:00
Brett Carson 0 0 0 0 0 0 0 1 0 1 0/0 12:50 0:00 0:00
Cory Emmerton 1 0 1 2 0 1 0 0 1 0 8/13 16:34 2:27 0:00
Dustin Jeffrey 0 0 0 -2 0 0 3 0 0 0 0/0 13:20 0:07 0:00
James Wisniewski 0 1 1 1 0 0 3 2 0 0 0/0 21:56 2:12 0:00
John Mitchell 1 0 1 1 0 2 0 0 0 0 20/30 22:21 3:23 0:00
Keith Yandle 0 2 2 1 0 0 1 3 1 0 0/0 21:56 2:12 0:00
Matt Keith 0 0 0 0 0 0 1 0 0 0 6/7 14:38 0:07 0:00
Michal Repik 0 0 0 -2 0 1 0 0 1 0 1/2 7:15 0:00 0:00
Mike Lundin 0 0 0 0 0 2 2 0 0 1 0/0 28:10 3:45 0:00
Peter Olvecky 0 2 2 2 0 2 2 1 0 1 0/0 18:31 2:27 0:00
Sergei Kostitsyn 0 1 1 1 0 2 0 0 1 0 0/1 23:20 3:23 0:00
Stefan Ruzicka 1 0 1 0 2 8 2 1 1 3 2/3 22:39 3:23 0:00
Stephane Da Costa 0 0 0 0 0 0 2 1 0 0 2/4 12:11 0:00 0:00
Steven Goertzen 1 1 2 2 0 4 2 0 2 0 2/3 19:44 2:34 0:00
Tom Gilbert 0 1 1 0 0 3 1 0 0 0 0/0 28:10 3:45 0:00
Tyler McNeely 0 0 0 0 0 1 1 1 0 0 0/0 5:50 0:00 0:00
Players Stats for Icehogs
Player Name G A P +/- PIM S H SB GA TA FO MP PP MP PK MP
------------------------------------------------------------------------------------
Andrew Murray 0 0 0 -1 0 1 1 2 2 0 6/9 14:02 0:00 0:09
B.J. Crombeen 1 0 1 1 0 6 2 0 0 1 2/13 23:58 0:00 3:26
Brett Sterling 0 0 0 0 2 1 2 1 0 0 0/0 12:17 0:00 0:23
Darren Helm 1 0 1 0 0 2 2 0 1 0 2/7 13:13 0:00 0:00
Gilbert Brule 0 1 1 0 2 3 0 0 1 0 8/24 19:30 0:00 1:10
Jason King 0 0 0 0 0 1 1 0 0 1 0/0 9:59 0:00 0:00
Josh Hennessy 0 0 0 0 0 2 1 1 0 0 3/6 10:27 0:00 1:32
Karl Alzner 0 0 0 -1 0 0 1 2 0 0 0/0 16:49 0:00 1:49
Logan Stephenson 0 0 0 1 0 0 1 1 0 0 0/0 12:16 0:00 0:06
Milan Jurcina 0 0 0 1 0 0 0 1 0 0 0/0 17:16 0:00 2:39
Nikolai Kulemin 0 1 1 0 0 0 2 0 0 0 0/0 21:30 0:00 1:40
Paul Ranger 0 1 1 -1 2 0 2 1 0 2 0/0 29:28 0:00 2:11
Ryan Parent 0 0 0 -3 0 3 1 4 0 1 0/0 25:04 0:00 3:18
Ryan Shannon 0 0 0 0 0 0 0 1 0 0 0/0 11:07 0:00 0:00
Stanislav Chistov 1 0 1 -1 0 1 1 0 0 0 1/2 13:50 0:00 0:00
Travis Moen 0 0 0 0 0 1 0 0 3 1 0/0 7:57 0:00 0:00
Ville Nieminen 0 0 0 -1 0 1 0 1 0 0 0/3 19:47 0:00 3:34
Vladimir Mihalik 0 1 1 1 2 1 1 2 0 1 0/0 24:46 0:00 1:51
3 Stars
1 - Steven Goertzen (CLM)
2 - Peter Olvecky (CLM)
3 - Keith Yandle (CLM)
Power Play
Machettes - 0 on 3 Attempt(s) - 0,00%
Icehogs - 0 on 0 Attempt(s) - 0,00%
Penalty Kill
Machettes - 0 on 0 Attempt(s) - 0,00%
- Score 0 goal in Penalty Kill
Icehogs - 3 on 3 Attempt(s) - 100,00%
- Score 0 goal in Penalty Kill
Official
Referees : Kowal Tom and Hasenfratz Mike
Linesman : Vaughan Rody and Steve Barton
Game Notes
Tyler McNeely is injured at 3:59 of 2nd period (Sprained Right Knee)
Machettes
5 vs 5 Forward
Center Left Wing Right Wing Time % Phy DF OF
1 John Mitchell Sergei Kostitsyn Stefan Ruzicka 40 1 2 2
2 Cory Emmerton Peter Olvecky Steven Goertzen 30 1 2 2
3 Stephane Da Costa Tyler McNeely Matt Keith 20 1 2 2
4 Angelo Esposito Dustin Jeffrey Michal Repik 10 1 2 2
5 vs 5 Defense
Defense Defense Time % Phy DF OF
1 Mike Lundin Tom Gilbert 40 1 2 2
2 James Wisniewski Keith Yandle 30 1 2 2
3 Brett Carson Andrew MacDonald 20 1 2 2
4 Mike Lundin Tom Gilbert 10 1 2 2
PowerPlay Forward
Center Left Wing Right Wing Time % Phy DF OF
1 John Mitchell Sergei Kostitsyn Stefan Ruzicka 60 1 2 2
2 Cory Emmerton Peter Olvecky Steven Goertzen 40 1 2 2
PowerPlay Defense
Defense Defense Time % Phy DF OF
1 Mike Lundin Tom Gilbert 60 1 2 2
2 James Wisniewski Keith Yandle 40 1 2 2
Penalty Kill 4 Players Forward
Center Wing Time % Phy DF OF
1 Stefan Ruzicka Steven Goertzen 60 1 2 2
2 John Mitchell Sergei Kostitsyn 40 1 2 2
Penalty Kill 4 Players Defense
Defense Defense Time % Phy DF OF
1 Mike Lundin Tom Gilbert 60 1 2 2
2 James Wisniewski Keith Yandle 40 1 2 2
Penalty Kill - 3 Players Forward
Forward Time % Phy DF OF
1 Stefan Ruzicka 60 1 2 2
2 Steven Goertzen 40 1 2 2
Penalty Kill - 3 Players Defense
Defense Defense Time % Phy DF OF
1 Mike Lundin Tom Gilbert 60 1 2 2
2 James Wisniewski Keith Yandle 40 1 2 2
4 vs 4 Forward
Center Wing Time % Phy DF OF
1 Stefan Ruzicka Steven Goertzen 60 1 2 2
2 John Mitchell Sergei Kostitsyn 40 1 2 2
4 vs 4 Defense
Defense Defense Time % Phy DF OF
1 Mike Lundin Tom Gilbert 60 1 2 2
2 James Wisniewski Keith Yandle 40 1 2 2
Last Minutes Offensive
Center Left Wing Right Wing Defense Defense
John Mitchell Sergei Kostitsyn Stefan Ruzicka Mike Lundin Tom Gilbert
Last Minutes Defensive
Center Left Wing Right Wing Defense Defense
John Mitchell Sergei Kostitsyn Stefan Ruzicka Mike Lundin Tom Gilbert
Goaltenders
Starting : Mathieu Garon
Backup : Marek Schwarz
Extra Forwards
Normal : Matt Keith, Tyler McNeely, Dustin Jeffrey - PP : Matt Keith, Tyler McNeely - PK : Dustin Jeffrey
Extra Defensemen
Normal : Brett Carson, Andrew MacDonald, James Wisniewski - PP : Brett Carson - PK : Andrew MacDonald, James Wisniewski
Penalty Shots
Stefan Ruzicka, Steven Goertzen, John Mitchell, Sergei Kostitsyn, Matt Keith
Icehogs
5 vs 5 Forward
Center Left Wing Right Wing Time % Phy DF OF
1 Gilbert Brule Nikolai Kulemin B.J. Crombeen 40 1 2 2
2 Andrew Murray Ville Nieminen Stanislav Chistov 30 1 2 2
3 Darren Helm Brett Sterling Ryan Shannon 20 1 2 2
4 Josh Hennessy Travis Moen Jason King 10 1 2 2
5 vs 5 Defense
Defense Defense Time % Phy DF OF
1 Paul Ranger Vladimir Mihalik 40 1 2 2
2 Karl Alzner Ryan Parent 30 1 2 2
3 Logan Stephenson Milan Jurcina 20 1 2 2
4 Paul Ranger Ryan Parent 10 1 2 2
PowerPlay Forward
Center Left Wing Right Wing Time % Phy DF OF
1 Gilbert Brule Ville Nieminen B.J. Crombeen 60 1 2 2
2 Andrew Murray Nikolai Kulemin Stanislav Chistov 40 1 2 2
PowerPlay Defense
Defense Defense Time % Phy DF OF
1 Paul Ranger Ryan Parent 60 1 2 2
2 Vladimir Mihalik Milan Jurcina 40 1 2 2
Penalty Kill 4 Players Forward
Center Wing Time % Phy DF OF
1 B.J. Crombeen Ville Nieminen 60 1 2 2
2 Nikolai Kulemin Gilbert Brule 40 1 2 2
Penalty Kill 4 Players Defense
Defense Defense Time % Phy DF OF
1 Paul Ranger Ryan Parent 60 1 2 2
2 Vladimir Mihalik Milan Jurcina 40 1 2 2
Penalty Kill - 3 Players Forward
Forward Time % Phy DF OF
1 B.J. Crombeen 60 1 2 2
2 Ville Nieminen 40 1 2 2
Penalty Kill - 3 Players Defense
Defense Defense Time % Phy DF OF
1 Paul Ranger Ryan Parent 60 1 2 2
2 Vladimir Mihalik Milan Jurcina 40 1 2 2
4 vs 4 Forward
Center Wing Time % Phy DF OF
1 B.J. Crombeen Ville Nieminen 60 1 2 2
2 Nikolai Kulemin Gilbert Brule 40 1 2 2
4 vs 4 Defense
Defense Defense Time % Phy DF OF
1 Paul Ranger Ryan Parent 60 1 2 2
2 Vladimir Mihalik Milan Jurcina 40 1 2 2
Last Minutes Offensive
Center Left Wing Right Wing Defense Defense
Gilbert Brule Ville Nieminen B.J. Crombeen Paul Ranger Ryan Parent
Last Minutes Defensive
Center Left Wing Right Wing Defense Defense
Gilbert Brule Ville Nieminen B.J. Crombeen Paul Ranger Ryan Parent
Goaltenders
Starting : José Theodore
Backup : Jeff Deslauriers
Extra Forwards
Normal : Darren Helm, Jason King, Josh Hennessy - PP : Darren Helm, Jason King - PK : Josh Hennessy
Extra Defensemen
Normal : Logan Stephenson, Karl Alzner, Vladimir Mihalik - PP : Logan Stephenson - PK : Karl Alzner, Vladimir Mihalik
Penalty Shots
B.J. Crombeen, Ville Nieminen, Nikolai Kulemin, Gilbert Brule, Stanislav Chistov
% Time on Ice - Machettes
Lines # - Real PCT - Wanted PCT - Time Play
Normal Forward
1 - 34% - 40% - 17:52
2 - 31% - 30% - 15:56
3 - 21% - 20% - 11:08
4 - 14% - 10% - 7:08
Normal Defense
1 - 36% - 40% - 18:51
2 - 34% - 30% - 17:37
3 - 24% - 20% - 12:43
4 - 6% - 10% - 2:53
PP Forward
1 - 57% - 60% - 3:23
2 - 43% - 40% - 2:34
PP Defense
1 - 63% - 60% - 3:45
2 - 37% - 40% - 2:12
PK Forward
1 - 0% - 60%
2 - 0% - 40%
PK Defense
1 - 0% - 60%
2 - 0% - 40%
PK3 Forward
1 - 0% - 60%
2 - 0% - 40%
PK3 Defense
1 - 0% - 60%
2 - 0% - 40%
44 Forward
1 - 80% - 60% - 3:49
2 - 20% - 40% - 0:59
44 Defense
1 - 56% - 60% - 2:41
2 - 44% - 40% - 2:07
Last Minute Offensive - 0:00
Last Minute Defensive - 0:00
Total
Forward - 62:49
Defense - 62:49
|
% Time on Ice - Icehogs
Lines # - Real PCT - Wanted PCT - Time Play
Normal Forward
1 - 36% - 40% - 18:33
2 - 28% - 30% - 14:44
3 - 21% - 20% - 10:50
4 - 15% - 10% - 7:57
Normal Defense
1 - 39% - 40% - 20:11
2 - 30% - 30% - 15:43
3 - 23% - 20% - 12:07
4 - 8% - 10% - 4:03
PP Forward
1 - 0% - 60%
2 - 0% - 40%
PP Defense
1 - 0% - 60%
2 - 0% - 40%
PK Forward
1 - 80% - 60% - 4:47
2 - 20% - 40% - 1:10
PK Defense
1 - 57% - 60% - 3:24
2 - 43% - 40% - 2:33
PK3 Forward
1 - 0% - 60%
2 - 0% - 40%
PK3 Defense
1 - 0% - 60%
2 - 0% - 40%
44 Forward
1 - 67% - 60% - 3:12
2 - 33% - 40% - 1:36
44 Defense
1 - 64% - 60% - 3:04
2 - 36% - 40% - 1:44
Last Minute Offensive - 0:00
Last Minute Defensive - 0:00
Total
Forward - 62:49
Defense - 62:49
|
Play by Play
1st period
0:01 of 1st period - John Mitchell wins face-off versus Gilbert Brule in neutral zone.
0:47 of 1st period - Wrist shot by B.J. Crombeen.
0:47 of 1st period - Deflect By Gilbert Brule.
0:47 of 1st period - Stopped by Mathieu Garon without a rebound.
0:48 of 1st period - Stanislav Chistov wins face-off versus Cory Emmerton in Machettes zone.
0:49 of 1st period - Snap shot by Ville Nieminen.
0:49 of 1st period - Deflect By Andrew Murray.
0:49 of 1st period - Stopped by Mathieu Garon without a rebound.
0:50 of 1st period - Andrew Murray wins face-off versus Cory Emmerton in Machettes zone.
2:07 of 1st period - Wrist shot by Matt Keith.
2:07 of 1st period - Shot Blocked by Vladimir Mihalik.
2:09 of 1st period - Snap shot by Matt Keith.
2:09 of 1st period - Shot Misses the Net.
2:23 of 1st period - Mike Lundin is hit by Paul Ranger and loses puck.
2:46 of 1st period - Snap shot by Stefan Ruzicka.
2:46 of 1st period - Shot Misses the Net.
2:48 of 1st period - Backhand shot by Mike Lundin.
2:48 of 1st period - Stopped by José Theodore with a rebound.
2:50 of 1st period - Wrist shot by Stefan Ruzicka.
2:50 of 1st period - Shot Misses the Net.
3:43 of 1st period - Snap shot by John Mitchell.
3:43 of 1st period - Deflect By Sergei Kostitsyn.
3:43 of 1st period - Shot Blocked by Karl Alzner.
3:43 of 1st period - Puck is out of play.
3:44 of 1st period - Andrew Murray wins face-off versus John Mitchell in Icehogs zone.
3:56 of 1st period - Snap shot by Sergei Kostitsyn.
3:56 of 1st period - Shot Blocked by Andrew Murray.
3:58 of 1st period - Snap shot by Stefan Ruzicka.
3:58 of 1st period - Shot Misses the Net.
4:00 of 1st period - Snap shot by Stefan Ruzicka.
4:00 of 1st period - Stopped by José Theodore with a rebound.
4:43 of 1st period - Brett Carson is hit by Andrew Murray and loses puck.
5:14 of 1st period - Slapshot by Sergei Kostitsyn.
5:14 of 1st period - Shot Misses the Net.
5:22 of 1st period - Snap shot by John Mitchell.
5:22 of 1st period - Stopped by José Theodore without a rebound.
5:23 of 1st period - Cory Emmerton wins face-off versus Gilbert Brule in Icehogs zone.
5:48 of 1st period - Ryan Parent is hit by Stephane Da Costa and loses puck.
6:20 of 1st period - James Wisniewski is hit by Logan Stephenson and loses puck.
6:31 of 1st period - Mike Lundin is hit by Nikolai Kulemin and loses puck.
6:50 of 1st period - Ryan Shannon is hit by Tyler McNeely and loses puck.
7:15 of 1st period - Keith Yandle is hit by B.J. Crombeen.
7:34 of 1st period - Icing by Nikolai Kulemin.
7:35 of 1st period - Cory Emmerton wins face-off versus Gilbert Brule in Icehogs zone.
7:38 of 1st period - Wrist shot by Peter Olvecky.
7:38 of 1st period - Stopped by José Theodore without a rebound.
7:39 of 1st period - Darren Helm wins face-off versus Steven Goertzen in Icehogs zone.
7:44 of 1st period - Steven Goertzen is hit by Karl Alzner and loses puck.
8:09 of 1st period - Slapshot by Sergei Kostitsyn.
8:09 of 1st period - Shot Misses the Net.
8:11 of 1st period - Snap shot by Andrew MacDonald.
8:11 of 1st period - Deflect By Stanislav Chistov.
8:11 of 1st period - Stopped by José Theodore without a rebound.
8:12 of 1st period - John Mitchell wins face-off versus Gilbert Brule in Icehogs zone.
8:27 of 1st period - Wrist shot by Stefan Ruzicka.
8:27 of 1st period - Stopped by José Theodore without a rebound.
8:28 of 1st period - Cory Emmerton wins face-off versus Darren Helm in Icehogs zone.
9:02 of 1st period - Wrist shot by Steven Goertzen.
9:02 of 1st period - Stopped by José Theodore with a rebound.
9:04 of 1st period - Slapshot by James Wisniewski.
9:04 of 1st period - Shot Misses the Net.
9:06 of 1st period - Slapshot by Keith Yandle.
9:06 of 1st period - Shot Blocked by Ville Nieminen.
9:08 of 1st period - Snap shot by Peter Olvecky.
9:08 of 1st period - Stopped by José Theodore with a rebound.
9:10 of 1st period - Wrist shot by Steven Goertzen.
9:10 of 1st period - Goal by Steven Goertzen - Machettes : 1 - Icehogs : 0.
9:11 of 1st period - John Mitchell wins face-off versus Gilbert Brule in neutral zone.
9:49 of 1st period - Slapshot by B.J. Crombeen.
9:49 of 1st period - Stopped by Mathieu Garon with a rebound.
9:51 of 1st period - Snap shot by B.J. Crombeen.
9:51 of 1st period - Goal by B.J. Crombeen - Machettes : 1 - Icehogs : 1.
9:52 of 1st period - John Mitchell wins face-off versus Darren Helm in neutral zone.
9:55 of 1st period - Paul Ranger is hit by Stefan Ruzicka.
11:17 of 1st period - Icing by Josh Hennessy.
11:18 of 1st period - Josh Hennessy wins face-off versus Michal Repik in Icehogs zone.
11:23 of 1st period - Brett Carson is hit by Jason King and loses puck.
11:42 of 1st period - Wrist shot by Travis Moen.
11:42 of 1st period - Shot Misses the Net.
11:58 of 1st period - Slapshot by Andrew MacDonald.
11:58 of 1st period - Shot Misses the Net.
12:00 of 1st period - Snap shot by Michal Repik.
12:00 of 1st period - Stopped by José Theodore without a rebound.
12:01 of 1st period - Gilbert Brule wins face-off versus Stefan Ruzicka in Icehogs zone.
13:06 of 1st period - Icing by Matt Keith.
13:07 of 1st period - John Mitchell wins face-off versus Gilbert Brule in Machettes zone.
13:18 of 1st period - Gilbert Brule is hit by Keith Yandle and loses puck.
13:23 of 1st period - Snap shot by Stefan Ruzicka.
13:23 of 1st period - Shot Blocked by Karl Alzner.
13:34 of 1st period - Off-side.
13:35 of 1st period - Cory Emmerton wins face-off versus Andrew Murray in neutral zone.
15:04 of 1st period - Snap shot by Sergei Kostitsyn.
15:04 of 1st period - Stopped by José Theodore with a rebound.
15:06 of 1st period - Slapshot by Stefan Ruzicka.
15:06 of 1st period - Shot Misses the Net.
15:48 of 1st period - Wrist shot by Darren Helm.
15:48 of 1st period - Shot Misses the Net.
15:50 of 1st period - Slapshot by Vladimir Mihalik.
15:50 of 1st period - Shot Misses the Net.
15:52 of 1st period - Slapshot by Vladimir Mihalik.
15:52 of 1st period - Deflect By Brett Sterling.
15:52 of 1st period - Stopped by Mathieu Garon without a rebound.
15:53 of 1st period - Andrew Murray wins face-off versus John Mitchell in Machettes zone.
15:58 of 1st period - Slapshot by Ville Nieminen.
15:58 of 1st period - Shot Misses the Net.
16:00 of 1st period - Slapshot by Ryan Parent.
16:00 of 1st period - Shot Misses the Net.
16:02 of 1st period - Slapshot by Ryan Parent.
16:02 of 1st period - Stopped by Mathieu Garon with a rebound.
16:04 of 1st period - Slapshot by Ryan Parent.
16:04 of 1st period - Stopped by Mathieu Garon with a rebound.
16:06 of 1st period - Slapshot by Ryan Parent.
16:06 of 1st period - Stopped by Mathieu Garon with a rebound.
16:08 of 1st period - Slapshot by Ryan Parent.
16:08 of 1st period - Shot Blocked by Brett Carson.
16:18 of 1st period - Brett Carson is hit by Ryan Parent and loses puck.
16:45 of 1st period - Snap shot by Jason King.
16:45 of 1st period - Deflect By Travis Moen.
16:45 of 1st period - Shot Misses the Net.
16:45 of 1st period - Puck is out of play.
16:46 of 1st period - Josh Hennessy wins face-off versus John Mitchell in Machettes zone.
16:47 of 1st period - Wrist shot by Jason King.
16:47 of 1st period - Shot Blocked by James Wisniewski.
16:57 of 1st period - Wrist shot by Stefan Ruzicka.
16:57 of 1st period - Deflect By Milan Jurcina.
16:57 of 1st period - Shot Blocked by Milan Jurcina.
16:57 of 1st period - Puck is out of play.
16:58 of 1st period - John Mitchell wins face-off versus Gilbert Brule in Icehogs zone.
17:06 of 1st period - Off-side.
17:07 of 1st period - John Mitchell wins face-off versus Gilbert Brule in neutral zone.
17:11 of 1st period - Minor Penalty to Gilbert Brule for Slashing.
17:11 of 1st period - Minor Penalty to Stefan Ruzicka for High sticking.
17:12 of 1st period - Matt Keith wins face-off versus B.J. Crombeen in Icehogs zone.
17:15 of 1st period - Slapshot by Mike Lundin.
17:15 of 1st period - Stopped by José Theodore without a rebound.
17:16 of 1st period - Matt Keith wins face-off versus B.J. Crombeen in Icehogs zone.
17:22 of 1st period - Icing by Paul Ranger.
17:23 of 1st period - Matt Keith wins face-off versus B.J. Crombeen in Icehogs zone.
17:24 of 1st period - Slapshot by Steven Goertzen.
17:24 of 1st period - Stopped by José Theodore without a rebound.
17:25 of 1st period - Matt Keith wins face-off versus B.J. Crombeen in Icehogs zone.
17:34 of 1st period - Wrist shot by Steven Goertzen.
17:34 of 1st period - Stopped by José Theodore with a rebound.
18:10 of 1st period - Wrist shot by Darren Helm.
18:10 of 1st period - Stopped by Mathieu Garon without a rebound.
18:11 of 1st period - B.J. Crombeen wins face-off versus Matt Keith in Machettes zone.
18:43 of 1st period - Tom Gilbert is hit by Darren Helm and loses puck.
19:11 of 1st period - Penalty to Gilbert Brule is over, Gilbert Brule is back on ice.
19:11 of 1st period - Penalty to Stefan Ruzicka is over, Stefan Ruzicka is back on ice.
19:15 of 1st period - Icing by Milan Jurcina.
19:16 of 1st period - Stefan Ruzicka wins face-off versus Josh Hennessy in Icehogs zone.
19:55 of 1st period - Tyler McNeely is hit by Darren Helm and loses puck.
2nd period
0:01 of 2nd period - Cory Emmerton wins face-off versus B.J. Crombeen in neutral zone.
0:46 of 2nd period - Icing by Vladimir Mihalik.
0:47 of 2nd period - Stephane Da Costa wins face-off versus Stanislav Chistov in Icehogs zone.
0:54 of 2nd period - Snap shot by Stanislav Chistov.
0:54 of 2nd period - Shot Misses the Net.
1:00 of 2nd period - Snap shot by Matt Keith.
1:00 of 2nd period - Shot Misses the Net.
1:02 of 2nd period - Snap shot by Tyler McNeely.
1:02 of 2nd period - Stopped by José Theodore without a rebound.
1:03 of 2nd period - John Mitchell wins face-off versus Gilbert Brule in Icehogs zone.
1:06 of 2nd period - Slapshot by Tom Gilbert.
1:06 of 2nd period - Deflect By Stefan Ruzicka.
1:06 of 2nd period - Stopped by José Theodore without a rebound.
1:07 of 2nd period - John Mitchell wins face-off versus Gilbert Brule in Icehogs zone.
1:54 of 2nd period - Keith Yandle is hit by Brett Sterling and loses puck.
2:01 of 2nd period - Darren Helm is hit by Stephane Da Costa and loses puck.
2:16 of 2nd period - Slapshot by Dustin Jeffrey.
2:16 of 2nd period - Shot Misses the Net.
2:18 of 2nd period - Slapshot by James Wisniewski.
2:18 of 2nd period - Shot Blocked by Josh Hennessy.
2:38 of 2nd period - Snap shot by B.J. Crombeen.
2:38 of 2nd period - Stopped by Mathieu Garon with a rebound.
2:40 of 2nd period - Slapshot by Gilbert Brule.
2:40 of 2nd period - Shot Misses the Net.
2:44 of 2nd period - Wrist shot by Gilbert Brule.
2:44 of 2nd period - Stopped by Mathieu Garon with a rebound.
2:56 of 2nd period - Wrist shot by Stanislav Chistov.
2:56 of 2nd period - Shot Misses the Net.
2:58 of 2nd period - Wrist shot by Stanislav Chistov.
2:58 of 2nd period - Shot Misses the Net.
3:00 of 2nd period - Slapshot by Vladimir Mihalik.
3:00 of 2nd period - Stopped by Mathieu Garon without a rebound.
3:01 of 2nd period - Gilbert Brule wins face-off versus Cory Emmerton in Machettes zone.
3:02 of 2nd period - Wrist shot by B.J. Crombeen.
3:02 of 2nd period - Shot Misses the Net.
3:26 of 2nd period - B.J. Crombeen is hit by Tom Gilbert and loses puck.
3:47 of 2nd period - Wrist shot by Gilbert Brule.
3:47 of 2nd period - Shot Blocked by Stephane Da Costa.
3:49 of 2nd period - Wrist shot by B.J. Crombeen.
3:49 of 2nd period - Shot Misses the Net.
3:53 of 2nd period - Wrist shot by Gilbert Brule.
3:53 of 2nd period - Shot Misses the Net.
3:55 of 2nd period - Slapshot by Paul Ranger.
3:55 of 2nd period - Shot Misses the Net.
3:57 of 2nd period - Snap shot by B.J. Crombeen.
3:57 of 2nd period - Stopped by Mathieu Garon with a rebound.
3:59 of 2nd period - Snap shot by Nikolai Kulemin.
3:59 of 2nd period - Shot Blocked by Tyler McNeely.
3:59 of 2nd period - Tyler McNeely from Machettes is injured at 3:59 of 2nd period (Sprained Right Knee).
4:00 of 2nd period - Gilbert Brule wins face-off versus John Mitchell in Machettes zone.
4:26 of 2nd period - Ville Nieminen is hit by Peter Olvecky.
4:45 of 2nd period - Darren Helm is hit by Dustin Jeffrey and loses puck.
5:06 of 2nd period - Stefan Ruzicka is hit by Josh Hennessy and loses puck.
5:41 of 2nd period - Off-side.
5:42 of 2nd period - Steven Goertzen wins face-off versus Andrew Murray in neutral zone.
6:02 of 2nd period - Wrist shot by Cory Emmerton.
6:02 of 2nd period - Goal by Cory Emmerton - Machettes : 2 - Icehogs : 1.
6:03 of 2nd period - John Mitchell wins face-off versus Gilbert Brule in neutral zone.
6:08 of 2nd period - Slapshot by Sergei Kostitsyn.
6:08 of 2nd period - Shot Blocked by Vladimir Mihalik.
6:10 of 2nd period - Slapshot by Tom Gilbert.
6:10 of 2nd period - Shot Misses the Net.
6:12 of 2nd period - Wrist shot by John Mitchell.
6:12 of 2nd period - Deflect By Stefan Ruzicka.
6:12 of 2nd period - Shot Misses the Net.
6:12 of 2nd period - Puck is out of play.
6:13 of 2nd period - John Mitchell wins face-off versus Gilbert Brule in Icehogs zone.
6:22 of 2nd period - Slapshot by Tom Gilbert.
6:22 of 2nd period - Deflect By B.J. Crombeen.
6:22 of 2nd period - Stopped by José Theodore without a rebound.
6:23 of 2nd period - John Mitchell wins face-off versus Gilbert Brule in Icehogs zone.
7:04 of 2nd period - Icing by Milan Jurcina.
7:05 of 2nd period - Andrew Murray wins face-off versus Stephane Da Costa in Icehogs zone.
7:21 of 2nd period - Gilbert Brule is hit by Matt Keith.
7:22 of 2nd period - Icing by Gilbert Brule.
7:23 of 2nd period - Gilbert Brule wins face-off versus Sergei Kostitsyn in Icehogs zone.
7:36 of 2nd period - B.J. Crombeen is hit by Mike Lundin and loses puck.
8:15 of 2nd period - Snap shot by Ville Nieminen.
8:15 of 2nd period - Stopped by Mathieu Garon without a rebound.
8:16 of 2nd period - John Mitchell wins face-off versus Ville Nieminen in Machettes zone.
8:21 of 2nd period - Snap shot by Stanislav Chistov.
8:21 of 2nd period - Goal by Stanislav Chistov - Machettes : 2 - Icehogs : 2.
8:22 of 2nd period - John Mitchell wins face-off versus Gilbert Brule in neutral zone.
8:30 of 2nd period - Off-side.
8:31 of 2nd period - John Mitchell wins face-off versus B.J. Crombeen in neutral zone.
8:50 of 2nd period - Wrist shot by B.J. Crombeen.
8:50 of 2nd period - Stopped by Mathieu Garon with a rebound.
8:55 of 2nd period - Icing by Mike Lundin.
8:56 of 2nd period - Darren Helm wins face-off versus John Mitchell in Machettes zone.
8:59 of 2nd period - Slapshot by Brett Sterling.
8:59 of 2nd period - Shot Blocked by Stefan Ruzicka.
9:08 of 2nd period - Wrist shot by John Mitchell.
9:08 of 2nd period - Shot Blocked by Ryan Shannon.
9:10 of 2nd period - Slapshot by Tom Gilbert.
9:10 of 2nd period - Shot Blocked by Ryan Parent.
9:12 of 2nd period - Slapshot by Stefan Ruzicka.
9:12 of 2nd period - Shot Misses the Net.
9:14 of 2nd period - Snap shot by Tom Gilbert.
9:14 of 2nd period - Shot Misses the Net.
9:16 of 2nd period - Slapshot by Mike Lundin.
9:16 of 2nd period - Shot Blocked by Ryan Parent.
9:18 of 2nd period - Snap shot by Mike Lundin.
9:18 of 2nd period - Shot Misses the Net.
9:20 of 2nd period - Slapshot by Tom Gilbert.
9:20 of 2nd period - Shot Blocked by Brett Sterling.
9:52 of 2nd period - Wrist shot by Stefan Ruzicka.
9:52 of 2nd period - Goal by Stefan Ruzicka - Machettes : 3 - Icehogs : 2.
9:53 of 2nd period - Gilbert Brule wins face-off versus Cory Emmerton in neutral zone.
10:00 of 2nd period - Slapshot by B.J. Crombeen.
10:00 of 2nd period - Shot Misses the Net.
10:02 of 2nd period - Wrist shot by Nikolai Kulemin.
10:02 of 2nd period - Shot Misses the Net.
10:04 of 2nd period - Slapshot by B.J. Crombeen.
10:04 of 2nd period - Stopped by Mathieu Garon with a rebound.
10:20 of 2nd period - Wrist shot by Travis Moen.
10:20 of 2nd period - Stopped by Mathieu Garon without a rebound.
10:21 of 2nd period - Josh Hennessy wins face-off versus Stephane Da Costa in Machettes zone.
10:26 of 2nd period - Snap shot by Jason King.
10:26 of 2nd period - Stopped by Mathieu Garon with a rebound.
13:23 of 2nd period - Ryan Parent is hit by James Wisniewski.
13:39 of 2nd period - Slapshot by Gilbert Brule.
13:39 of 2nd period - Stopped by Mathieu Garon with a rebound.
13:51 of 2nd period - Peter Olvecky is hit by Brett Sterling and loses puck.
13:56 of 2nd period - Wrist shot by Darren Helm.
13:56 of 2nd period - Shot Blocked by Keith Yandle.
13:58 of 2nd period - Slapshot by Karl Alzner.
13:58 of 2nd period - Shot Blocked by James Wisniewski.
14:28 of 2nd period - Cory Emmerton is hit by Paul Ranger and loses puck.
14:30 of 2nd period - Minor Penalty to Vladimir Mihalik for Hooking.
14:31 of 2nd period - John Mitchell wins face-off versus B.J. Crombeen in Icehogs zone.
14:40 of 2nd period - Wrist shot by Sergei Kostitsyn.
14:40 of 2nd period - Deflect By Stefan Ruzicka.
14:40 of 2nd period - Shot Blocked by Ryan Parent.
14:40 of 2nd period - Puck is out of play.
14:41 of 2nd period - B.J. Crombeen wins face-off versus John Mitchell in Icehogs zone.
14:56 of 2nd period - Snap shot by Stefan Ruzicka.
14:56 of 2nd period - Stopped by José Theodore without a rebound.
14:57 of 2nd period - John Mitchell wins face-off versus B.J. Crombeen in Icehogs zone.
15:02 of 2nd period - Slapshot by Tom Gilbert.
15:02 of 2nd period - Stopped by José Theodore without a rebound.
15:03 of 2nd period - John Mitchell wins face-off versus B.J. Crombeen in Icehogs zone.
15:18 of 2nd period - B.J. Crombeen is hit by Mike Lundin and loses puck.
16:30 of 2nd period - Penalty to Vladimir Mihalik is over, Vladimir Mihalik is back on ice.
16:35 of 2nd period - Darren Helm is hit by Dustin Jeffrey and loses puck.
16:58 of 2nd period - Snap shot by Dustin Jeffrey.
16:58 of 2nd period - Shot Misses the Net.
17:00 of 2nd period - Snap shot by Angelo Esposito.
17:00 of 2nd period - Stopped by José Theodore with a rebound.
17:58 of 2nd period - Cory Emmerton is hit by Nikolai Kulemin and loses puck.
18:13 of 2nd period - Vladimir Mihalik is hit by Steven Goertzen and loses puck.
18:43 of 2nd period - Paul Ranger is hit by Andrew MacDonald and loses puck.
19:37 of 2nd period - Slapshot by Ryan Shannon.
19:37 of 2nd period - Deflect By Dustin Jeffrey.
19:37 of 2nd period - Shot Blocked by Keith Yandle.
19:37 of 2nd period - Puck is out of play.
19:38 of 2nd period - Stephane Da Costa wins face-off versus Gilbert Brule in Machettes zone.
3rd period
0:01 of 3rd period - John Mitchell wins face-off versus Gilbert Brule in neutral zone.
0:34 of 3rd period - Off-side.
0:35 of 3rd period - Andrew Murray wins face-off versus John Mitchell in neutral zone.
1:00 of 3rd period - B.J. Crombeen is hit by James Wisniewski and loses puck.
1:24 of 3rd period - Icing by Karl Alzner.
1:25 of 3rd period - Angelo Esposito wins face-off versus Darren Helm in Icehogs zone.
1:26 of 3rd period - Slapshot by Tom Gilbert.
1:26 of 3rd period - Stopped by José Theodore without a rebound.
1:27 of 3rd period - Gilbert Brule wins face-off versus John Mitchell in Icehogs zone.
2:01 of 3rd period - Wrist shot by Peter Olvecky.
2:01 of 3rd period - Shot Blocked by Andrew Murray.
3:16 of 3rd period - Snap shot by Stefan Ruzicka.
3:16 of 3rd period - Shot Blocked by Logan Stephenson.
3:18 of 3rd period - Snap shot by Stefan Ruzicka.
3:18 of 3rd period - Stopped by José Theodore without a rebound.
3:19 of 3rd period - Andrew Murray wins face-off versus John Mitchell in Icehogs zone.
3:34 of 3rd period - Snap shot by Stanislav Chistov.
3:34 of 3rd period - Shot Misses the Net.
4:36 of 3rd period - Slapshot by Sergei Kostitsyn.
4:36 of 3rd period - Shot Misses the Net.
4:38 of 3rd period - Snap shot by Stefan Ruzicka.
4:38 of 3rd period - Stopped by José Theodore without a rebound.
4:39 of 3rd period - Gilbert Brule wins face-off versus Cory Emmerton in Icehogs zone.
4:50 of 3rd period - Wrist shot by Gilbert Brule.
4:50 of 3rd period - Shot Misses the Net.
4:54 of 3rd period - Wrist shot by Gilbert Brule.
4:54 of 3rd period - Shot Blocked by Keith Yandle.
5:29 of 3rd period - Snap shot by Josh Hennessy.
5:29 of 3rd period - Stopped by Mathieu Garon with a rebound.
6:04 of 3rd period - Wrist shot by Darren Helm.
6:04 of 3rd period - Shot Blocked by Peter Olvecky.
6:43 of 3rd period - Icing by Paul Ranger.
6:44 of 3rd period - Michal Repik wins face-off versus Darren Helm in Icehogs zone.
6:52 of 3rd period - Minor Penalty to Paul Ranger for Hooking.
6:53 of 3rd period - Cory Emmerton wins face-off versus B.J. Crombeen in Icehogs zone.
6:54 of 3rd period - Slapshot by Tom Gilbert.
6:54 of 3rd period - Shot Blocked by Ryan Parent.
8:06 of 3rd period - Milan Jurcina is hit by Peter Olvecky and loses puck.
8:52 of 3rd period - Penalty to Paul Ranger is over, Paul Ranger is back on ice.
8:54 of 3rd period - Icing by Matt Keith.
8:55 of 3rd period - Matt Keith wins face-off versus Darren Helm in Machettes zone.
10:31 of 3rd period - Snap shot by Ryan Parent.
10:31 of 3rd period - Shot Misses the Net.
10:55 of 3rd period - Paul Ranger is hit by Dustin Jeffrey and loses puck.
11:58 of 3rd period - Wrist shot by Darren Helm.
11:58 of 3rd period - Goal by Darren Helm - Machettes : 3 - Icehogs : 3.
11:59 of 3rd period - Gilbert Brule wins face-off versus John Mitchell in neutral zone.
12:12 of 3rd period - Snap shot by Sergei Kostitsyn.
12:12 of 3rd period - Stopped by José Theodore without a rebound.
12:13 of 3rd period - Cory Emmerton wins face-off versus Andrew Murray in Icehogs zone.
12:56 of 3rd period - Minor Penalty to Brett Sterling for High sticking.
12:57 of 3rd period - John Mitchell wins face-off versus Ville Nieminen in Icehogs zone.
14:00 of 3rd period - Wrist shot by Josh Hennessy.
14:00 of 3rd period - Stopped by Mathieu Garon without a rebound.
14:01 of 3rd period - Steven Goertzen wins face-off versus Josh Hennessy in Machettes zone.
14:17 of 3rd period - Wrist shot by Stefan Ruzicka.
14:17 of 3rd period - Shot Misses the Net.
14:19 of 3rd period - Slapshot by Mike Lundin.
14:19 of 3rd period - Deflect By Stefan Ruzicka.
14:19 of 3rd period - Deflect By Paul Ranger.
14:19 of 3rd period - Stopped by José Theodore with a rebound.
14:56 of 3rd period - Penalty to Brett Sterling is over, Brett Sterling is back on ice.
15:26 of 3rd period - Matt Keith is hit by B.J. Crombeen and loses puck.
15:58 of 3rd period - Snap shot by Jason King.
15:58 of 3rd period - Shot Misses the Net.
16:21 of 3rd period - Mike Lundin is hit by Stanislav Chistov and loses puck.
16:52 of 3rd period - Ryan Shannon is hit by Steven Goertzen and loses puck.
17:54 of 3rd period - Icing by Paul Ranger.
17:55 of 3rd period - Cory Emmerton wins face-off versus Josh Hennessy in Icehogs zone.
19:27 of 3rd period - Ryan Parent is hit by Stefan Ruzicka and loses puck.
Overtime #1
0:01 of 1st overtime period - Stefan Ruzicka wins face-off versus Ville Nieminen in neutral zone.
0:48 of 1st overtime period - Snap shot by Gilbert Brule.
0:48 of 1st overtime period - Shot Misses the Net.
1:12 of 1st overtime period - Slapshot by Keith Yandle.
1:12 of 1st overtime period - Shot Blocked by Paul Ranger.
1:59 of 1st overtime period - Sergei Kostitsyn is hit by Vladimir Mihalik and loses puck.
2:13 of 1st overtime period - Icing by Milan Jurcina.
2:14 of 1st overtime period - Matt Keith wins face-off versus B.J. Crombeen in Icehogs zone.
2:37 of 1st overtime period - Paul Ranger is hit by James Wisniewski.
2:47 of 1st overtime period - Wrist shot by Keith Yandle.
2:47 of 1st overtime period - Shot Misses the Net.
2:49 of 1st overtime period - Snap shot by John Mitchell.
2:49 of 1st overtime period - Goal by John Mitchell - Machettes : 4 - Icehogs : 3.
Output by the SimonT Hockey Simulator (STHS) for François Prévost -- Original Page W3C XHTML 1.0 Valid